 Dungeon Crawl Stone Soup version 0.26-a0-649-gf8c6c3aab7 (webtiles) character file.

Game seed: 7627401368859317967

4425 jasper the Cleaver (level 10, -1/96 HPs)
             Began as a Hill Orc Gladiator on Sept 26, 2020.
             Was a Believer of Dithmenos.
             Slain by an unseen horror (4 damage)
             ... on level 10 of the Dungeon.
             The game lasted 00:10:56 (7882 turns).

jasper the Cleaver (Hill Orc Gladiator)             Turns: 7882, Time: 00:10:57

Health: -1/96      AC:  9    Str: 16 (17) XL:     10   Next: 36%
Magic:  23/23      EV: 13    Int:  6 (8)  God:    Dithmenos [**....]
Gold:   393        SH:  0    Dex: 13 (14) Spells: 9/9 levels left

rFire    . . .     SeeInvis .   L - +9 whip of the Four Blessings {elec, MP+9}
rCold    . . .     Faith    .   (no shield)
rNeg     . . .     Spirit   .   g - +0 ring mail
rPois    .         Reflect  .   c - +0 helmet
rElec    .         Harm     .   (no cloak)
rCorr    .         Rampage  .   (no gloves)
MR       .....                  G - +0 pair of boots
Stlth    +.........             (no amulet)
HPRegen  0.26/turn              (no ring)
MPRegen  0.18/turn              (no ring)

@: wreathed by umbra
A: robust 1, weak 1
a: Shadow Step, Renounce Religion


You were on level 10 of the Dungeon.
You worshipped Dithmenos.
Dithmenos was pleased with you.
You visited 1 branch of the dungeon, and saw 8 of its levels.

You collected 393 gold pieces.

Inventory:

Hand Weapons
 a - a +3 hand axe
 b - a +0 hunting sling of freezing
 e - a cursed +0 hunting sling
 o - a +0 war axe
 w - a +1 whip of freezing
 y - a +0 flail
 F - a +0 fustibalus
 L - the +9 whip of the Four Blessings (weapon) {elec, MP+9}
   (You found it on level 10 of the Dungeon)

   Occasionally, upon striking a foe, it will discharge some electrical energy
   and cause terrible harm.
   It affects your magic capacity (+9).
Missiles
 d - a throwing net (quivered)
 h - 135 stones
 n - 49 bolts
 v - 130 arrows
 z - 22 sling bullets
Armour
 c - a +0 helmet (worn)
 g - a +0 ring mail (worn)
 q - a +0 leather armour
 G - a +0 pair of boots (worn)
Jewellery
 A - an uncursed amulet of magic regeneration {unknown}
 D - a +6 ring of intelligence {unknown}
 J - a +4 ring of protection {unknown}
Wands
 l - a wand of paralysis (4)
 p - a wand of random effects (4)
 C - a wand of iceblast (4)
 E - a wand of flame (17)
 I - a wand of acid (10)
Scrolls
 j - 10 scrolls of identify {unknown}
 k - 2 scrolls of blinking {unknown}
 m - 5 scrolls of magic mapping {unknown}
 r - 2 scrolls of remove curse {unknown}
 s - a scroll of noise {unknown}
 u - 4 scrolls of teleportation {unknown}
 x - a scroll of amnesia {unknown}
 B - a scroll of fog {unknown}
 K - a scroll of random uselessness {unknown}
Potions
 f - 2 potions of flight
 i - a potion of stabbing
 t - 2 potions of haste
 H - a potion of lignification


   Skills:
 + Level 8.0 Fighting
 * Level 12.0 Axes
 - Level 1.7 Throwing
 + Level 6.7 Armour
 + Level 5.8 Dodging
 - Level 5.7 Invocations


You had 9 spell levels left.
You didn't know any spells.
Your spell library contained the following spells:

 Spells                   Type           Power        Failure   Level
 Animate Skeleton         Necr           #.....       65%         1
 Pain                     Necr           #...         65%         1
 Vampiric Draining        Necr           #.........   95%         3
 Animate Dead             Necr           #.........   100%        4
 Agony                    Necr           #.......     100%        5


Dungeon Overview and Level Annotations

Branches:
Dungeon (10/15)
 Temple: D:4-7         Lair: D:8-11         Orc: D:9-12

Altars:
Ashenzari
Dithmenos
Elyvilon
Fedhas
Gozag
Kikubaaqudgha
Okawaru
Trog
Uskayaw
Xom

Annotations:
D:4 Eustachio
D:5 Dowan, Duvessa, Menkaure
D:6 1 runed translucent door, Shadowablaze's ghost, novice MiHu
D:9 Erolcha


Innate Abilities, Weirdness & Mutations

You are robust. (+10% HP)
You are weak. (Str -2)


Message History

You swing at nothing.
Something hits you.
You closely miss something. Something hits you.
Something hits you but does no damage.
You hit something. Something hits you but does no damage.
You swing at nothing.
Something hits you.
You hit something. Something hits you!
* * * LOW HITPOINT WARNING * * *
Something hits you!
* * * LOW HITPOINT WARNING * * *
Something hits you.
* * * LOW HITPOINT WARNING * * *
You closely miss something. Something barely misses you.
You swing at nothing.
Something barely misses you.
You swing at nothing.
Something completely misses you.
Okay, then.
You miss something. Something hits you but does no damage.
You swing at nothing.
Something hits you!
* * * LOW HITPOINT WARNING * * *
You swing at nothing.
Something hits you.
You die...

#...###...###.........#
#.....##...##.........#
#..#.......##8.......8#
#....##...###._.._....#
...#........#8.......8###
o.###........####...####.# ...
##..........#...#....#
..#####.......#.#...#....# ###
.....##..#...##@#8.8##.### ##.#
........###.....##'##.#### #...
.........##...........##.## #...
..................#...##..####..
#...#.............#........#....
# #...<.........#.#...#.......
#...............#.#.#....##.
......................#.......
##.....##..<.............#....


There were no monsters in sight!

Vanquished Creatures
  Erica (D:9)
  Pikel (D:5)
  Psyche (D:9)
  Grinder (D:5)
  6 yaks (D:10)
  A water moccasin (D:6)
  2 ice beasts
  4 ogres
  A phantom (D:6)
  2 bullfrogs
  A water moccasin zombie (D:6)
  A scorpion (D:6)
  4 wights (D:4)
  2 howler monkeys
  An orc wizard (D:4)
  3 jellies
  An orc priest (D:6)
  2 hounds
  A bullfrog skeleton (D:10)
  A centaur skeleton (D:6)
  2 iguanas
  8 worker ants
  2 worker ant zombies (D:5)
  8 adders
  3 gnolls (D:6)
  A shadow imp (D:10)
  3 white imps
  2 ufetubi
  An adder zombie (D:9)
  4 worms
  A dart slug (D:1)
  A leopard gecko (D:3)
  13 orcs
  3 giant cockroaches
  7 goblins
  6 hobgoblins
  9 jackals
  7 kobolds
  2 quokkas (D:3)
  A ball python (D:1)
  3 bats
  2 frilled lizards
  A quokka skeleton (D:6)
  A quokka zombie (D:4)
  6 rats
  A rat zombie (D:4)
135 creatures vanquished.

Notes
Turn   | Place    | Note
-------+----------+-------------------------------------------
     0 | D:1      | jasper the Hill Orc Gladiator began the quest for the Orb.
     0 | D:1      | Reached XP level 1. HP: 18/18 MP: 1/1
   104 | D:1      | Reached XP level 2. HP: 25/25 MP: 2/2
   331 | D:1      | You fall into a shaft and drop 1 floor!
   331 | D:2      | Found a shadowy altar of Dithmenos.
   346 | D:2      | Became a worshipper of Dithmenos the Shadowed
   367 | D:2      | Reached skill level 1 in Armour
   367 | D:2      | Reached XP level 3. HP: 20/30 MP: 3/3
   697 | D:2      | Reached skill level 1 in Invocations
   753 | D:2      | Found a shimmering altar of Xom.
   796 | D:2      | Found a hide-covered altar of Uskayaw.
  1074 | D:2      | Found a blossoming altar of Fedhas.
  1117 | D:2      | Reached skill level 5 in Axes
  1140 | D:2      | Reached XP level 4. HP: 38/38 MP: 4/4
  1593 | D:3      | Reached * piety under Dithmenos
  1656 | D:3      | Reached XP level 5. HP: 45/45 MP: 6/6
  2059 | D:4      | Noticed an ogre
  2070 | D:4      | Killed an ogre
  2070 | D:4      | Reached skill level 6 in Axes
  2070 | D:4      | Reached XP level 6. HP: 45/52 MP: 7/7
  2124 | D:4      | Found a white marble altar of Elyvilon.
  2450 | D:4      | Reached XP level 7. HP: 12/59 MP: 9/9
  2959 | D:4      | Found an opulent altar of Gozag.
  3045 | D:4      | Found a bloodstained altar of Trog.
  3055 | D:4      | Noticed Eustachio
  3060 | D:5      | Entered Level 5 of the Dungeon
  3469 | D:5      | Reached skill level 7 in Axes
  3503 | D:5      | Noticed Pikel
  3510 | D:5      | Noticed Grinder
  3523 | D:5      | Paralysed by Grinder for 2 turns
  3527 | D:5      | Gained mutation: You are weak. (Str -2) [potion of
                  | mutation]
  3527 | D:5      | Gained mutation: You are robust. (+10% HP) [potion of
                  | mutation]
  3548 | D:5      | Killed Grinder
  3567 | D:5      | Killed Pikel
  3567 | D:5      | Reached skill level 5 in Fighting
  3567 | D:5      | Reached skill level 8 in Axes
  3567 | D:5      | Reached XP level 8. HP: 34/75 MP: 11/11
  3904 | D:5      | Reached skill level 5 in Invocations
  4170 | D:5      | Reached skill level 9 in Axes
  4534 | D:5      | Found an opulent altar of Gozag.
  4604 | D:5      | Noticed Menkaure
  4607 | D:5      | Noticed Dowan
  4607 | D:5      | Noticed Duvessa
  4941 | D:6      | Found a runed translucent door.
  4946 | D:6      | Reached XP level 9. HP: 75/82 MP: 13/13
  4951 | D:6      | Reached ** piety under Dithmenos
  5212 | D:6      | Noticed Shadowablaze's ghost (novice MiHu)
  5636 | D:6      | Reached skill level 5 in Armour
  5666 | D:6      | Reached skill level 10 in Axes
  6148 | D:6      | Found an iron altar of Okawaru.
  6220 | D:6      | You fall into a shaft and drop 3 floors!
  6319 | D:9      | Noticed Psyche
  6334 | D:9      | Killed Psyche
  6334 | D:9      | Reached skill level 5 in Dodging
  6517 | D:9      | Noticed Erica
  6543 | D:9      | Killed Erica
  6543 | D:9      | Reached skill level 11 in Axes
  6543 | D:9      | Reached XP level 10. HP: 31/94 MP: 14/14
  6796 | D:9      | Noticed Erolcha
  6816 | D:10     | Entered Level 10 of the Dungeon
  7164 | D:10     | Reached skill level 12 in Axes
  7758 | D:10     | Found an opulent altar of Gozag.
  7761 | D:10     | Found a radiant altar of Vehumet.
  7761 | D:10     | Found a shimmering altar of Xom.
  7763 | D:10     | Found an iron altar of Okawaru.
  7763 | D:10     | Found an ancient bone altar of Kikubaaqudgha.
  7763 | D:10     | Found a broken altar of Ashenzari.
  7796 | D:10     | Got a polished whip
  7797 | D:10     | Identified the +9 whip of the Four Blessings {elec, MP+9}
                  | (You found it on level 10 of the Dungeon)
  7881 | D:10     | HP: 3/96 [something (9)]
  7882 | D:10     | Slain by an unseen horror

Illustrated notes

Levels and vault maps discovered:
D:1:      lightli_arrival_maybe_door_vault, layout_rooms
D:2:      layout_loops_ring, nicolae_overflow_hidden_temple,
          grunt_dithmenos_smoke, xom_butterflies, fedhas_altar_4
D:3:      layout_rooms, amethyst_killhole, kennysheep_small_spiral,
          kennysheep_generic_room_2
D:4:      layout_basic, bloody_trog, elyvilon_altar_4, enter_ossuary_4,
          eino_tiny_chamber, hangedman_abyss_or_decor_stagger,
          nicolae_gozag_seed_capital, uniq_eustachio, uniq_blork_the_orc
D:5:      layout_rooms, kennysheep_mini, uniq_crazy_yiuf_cottage, uniq_menkaure,
          uniq_pikel, uniq_grinder, uniq_duvessa
D:6:      layout_basic, overflow_temple_1_default, ebering_ghost_sewer_d,
          minmay_fractal_squares_gapless_5
D:9:      layout_basic, nicolae_overflow_crystal_walls,
          nicolae_qazlal_style_of_elements, overflow_temple_1_default,
          lair_entry_dummy, roderic_nine_men_s_morris,
          minmay_fractal_squares_diagonal_5, uniq_erica, uniq_psyche,
          uniq_erolcha
D:10:     layout_cave_pools, grunt_ministairs_10, doesnt_xom_only_xom

Skill      XL: |  1  2  3  4  5  6  7  8  9 10 |
---------------+-------------------------------+-----
Armour         | 1 2 4 6 |  6.7
Fighting       | 3 4 5 6 7 8 |  8.0
Invocations    | 1 2 3 4 5 |  5.7
Axes           | 5 6 8 9 11 12 | 12.0
Dodging        | 3 4 5 |  5.8
Throwing       | |  1.7

Action                   |  1- 3 |  4- 6 |  7- 9 | 10-12 || total
-------------------------+-------+-------+-------+-------++-------
Melee: War axe           |    68 |       |       |       ||    68
       Hand axe          |     3 |    95 |   288 |    75 ||   461
       Whip              |       |       |       |    10 ||    10
 Fire: Hunting sling     |     7 |    74 |    85 |    15 ||   181
Throw: Throwing net      |       |       |     1 |     2 ||     3
Evoke: Wand              |       |     1 |     5 |    12 ||    18
  Use: Potion            |       |       |    11 |     4 ||    15
 Stab: Paralysed         |       |       |     7 |       ||     7
Armor: Leather armour    |     8 |       |       |       ||     8
       Ring mail         |    25 |    27 |    52 |    21 ||   125
       Skin              |       |       |    41 |       ||    41
Dodge: Dodged            |    61 |    63 |   125 |    43 ||   292

Table legend: (Time is in decaauts)
 A = Elapsed time spent in this place.
 B = Non-inter-level travel time spent in this place.
 C = Inter-level travel time spent in this place.
 D = Time resting spent in this place.
 E = Time spent auto-exploring this place.
 F = Levels seen in this place.
 G = Mean time per level.
                   A        B        C        D        E       F      G
               +--------+--------+--------+--------+--------+-----+--------+
         Total |   7795 |   7700 |     95 |   2027 |   4401 |   8 |  974.4 |
       Dungeon |   7795 |   7700 |     95 |   2027 |   4401 |   8 |  974.4 |
               +--------+--------+--------+--------+--------+-----+--------+

Top non-repeatable levels by time:
     D:6: 1571 daAuts
     D:5: 1529 daAuts
     D:4: 1166 daAuts
    D:10: 1021 daAuts
     D:2: 875 daAuts
     D:3: 697 daAuts
     D:9: 592 daAuts
     D:1: 341 daAuts
